TOP OF THE 1ST |
El Paso Sun Kings batting - Pitching for Dallas-Fort Worth Rangers : RHP Billy Hawley
|
Pitching: RHP Billy Hawley
|
|
Batting: LHB Stanley Hendrickson
|
0-0: Ball 1-0: Called Strike 1-1: Called Strike 1-2: Ball 2-2: Ball 3-2: Base on Balls
|
Batting: RHB Dionisio DeJesus
|
0-0: Called Strike 0-1: Ball 1-1: Foul Ball, location: 2F 1-2: Grounds into double play, 6-4-3 (Groundball, 6, EV 103.1 MPH)
|
Batting: LHB Scott Bradley
|
0-0: Ball 1-0: Ball 2-0: Ball 3-0: Base on Balls
|
Batting: RHB Chuckie Canady
|
0-0: Called Strike 0-1: Foul Ball, location: 2F 0-2: Ball 1-2: Fly out, F8 (Flyball, 8RS, EV 86.3 MPH)
|
Top of the 1st over - 0 runs, 0 hits, 0 errors, 1 left on base; El Paso 0 - Dallas-Fort Worth 0 |
BOTTOM OF THE 1ST |
Dallas-Fort Worth Rangers batting - Pitching for El Paso Sun Kings : RHP Ignacio Sola
|
Pitching: RHP Ignacio Sola
|
|
Batting: RHB Dave Aponte
|
0-0: Foul Ball, location: 2F 0-1: Fly out, F8 (Flyball, 8RD, EV 96.9 MPH)
|
Batting: RHB Phil Bradley
|
0-0: Ball 1-0: DOUBLE (Line Drive, 78XD, EV 105.6 MPH)
|
Batting: LHB Sid Bream
|
0-0: Ball 1-0: Fly out, F7 (Flyball, 7LS, EV 86.3 MPH)
|
Batting: RHB Joe Carter
|
0-0: Ball Wild Pitch! Phil Bradley to third 1-0: Foul Ball, location: 2F 1-1: Ball 2-1: Ball 3-1: SINGLE (Groundball, P, EV 78.8 MPH) (infield hit) Phil Bradley scores
|
Batting: RHB Terry Lee
|
0-0: Called Strike 0-1: SINGLE (Line Drive, 89S, EV 93.8 MPH) Joe Carter to second Runner from 2nd tries for 3rd, SAFE, throw by RF made to third
|
Batting: RHB Ross Jones
|
0-0: Ball 1-0: Ball 2-0: Called Strike 2-1: Called Strike 2-2: Foul Ball, location: 2F 2-2: SINGLE (Groundball, 6D, EV 98.8 MPH) Joe Carter scores Terry Lee to second
|
Batting: LHB Daryl Fazzio
|
0-0: Ball 1-0: Foul Ball, location: 2F 1-1: Ball 2-1: Called Strike 2-2: Strikes out swinging
|
Bottom of the 1st over - 2 runs, 4 hits, 0 errors, 2 left on base; El Paso 0 - Dallas-Fort Worth 2 |
TOP OF THE 2ND |
El Paso Sun Kings batting - Pitching for Dallas-Fort Worth Rangers : RHP Billy Hawley
|
Batting: LHB Franklin Lopez
|
0-0: Called Strike 0-1: Ball 1-1: Reached on error, E9 (Flyball, 89D, EV 83.8 MPH)
|
Batting: SHB Danny Torres
|
0-0: Fly out, F5 (Popup, 5F, EV 61.3 MPH)
|
Batting: RHB Michael Hanson
|
0-0: Ball 1-0: Called Strike 1-1: Foul Ball, location: 2F 1-2: Foul Ball, location: 2F 1-2: Ball 2-2: Fly out, F6 (Popup, 6S, EV 73.1 MPH)
|
Batting: RHB Mike Anicich
|
0-0: Ball 1-0: Swinging Strike 1-1: Foul Ball, location: 2F 1-2: Strikes out looking
|
Top of the 2nd over - 0 runs, 0 hits, 1 error, 1 left on base; El Paso 0 - Dallas-Fort Worth 2 |
BOTTOM OF THE 2ND |
Dallas-Fort Worth Rangers batting - Pitching for El Paso Sun Kings : RHP Ignacio Sola
|
Batting: SHB Eski Viltz
|
0-0: Ball 1-0: Ball 2-0: Called Strike 2-1: Fly out, F7 (Line Drive, 7, EV 87.5 MPH)
|
Batting: LHB Garcia Gutierrez
|
0-0: Ball 1-0: DOUBLE (Groundball, 3L, EV 106.3 MPH)
|
Batting: RHB Dave Aponte
|
0-0: Called Strike 0-1: Swinging Strike 0-2: Ball 1-2: 2-RUN HOME RUN (Flyball, 7D, EV 90.6 MPH), Distance : 361 ft
|
Batting: RHB Phil Bradley
|
0-0: Ball 1-0: Called Strike 1-1: Ball 2-1: Foul Ball, location: 2F 2-2: Ball 3-2: SINGLE (Flyball, 6MD, EV 98.8 MPH)
|
Batting: LHB Sid Bream
|
0-0: Called Strike 0-1: Ball 1-1: Called Strike 1-2: Ground out 3-1 (Groundball, 34S, EV 80.0 MPH) Phil Bradley to second
|
Batting: RHB Joe Carter
|
0-0: Ball 1-0: Foul Ball, location: 2F 1-1: Swinging Strike 1-2: SINGLE (Flyball, 6D, EV 87.5 MPH) Phil Bradley to third Runner from 3rd tries for Home, SAFE, throw by CF to home
|
Batting: RHB Terry Lee
|
0-0: Ball 1-0: Ball 2-0: 2-RUN HOME RUN (Line Drive, 7D, EV 100.0 MPH), Distance : 363 ft
|
Pitching: RHP Charlie Puleo
|
|
Batting: RHB Ross Jones
|
0-0: Ground out 5-3 (Groundball, 56, EV 101.9 MPH)
|
Bottom of the 2nd over - 5 runs, 5 hits, 0 errors, 0 left on base; El Paso 0 - Dallas-Fort Worth 7 |
TOP OF THE 3RD |
El Paso Sun Kings batting - Pitching for Dallas-Fort Worth Rangers : RHP Billy Hawley
|
Batting: RHB Danny Ramires
|
0-0: Called Strike 0-1: Called Strike 0-2: Ball 1-2: Fly out, F9 (Line Drive, 9, EV 98.1 MPH)
|
Batting: LHB Stanley Hendrickson
|
0-0: Called Strike 0-1: Foul Ball, location: 2F 0-2: Ball 1-2: SINGLE (Groundball, 34D, EV 103.1 MPH)
|
Batting: RHB Dionisio DeJesus
|
0-0: Fly out, F7 (Flyball, 78S, EV 93.1 MPH)
|
Batting: LHB Scott Bradley
|
0-0: Called Strike 0-1: Ground out 4-3 (Groundball, 4, EV 103.8 MPH)
|
Top of the 3rd over - 0 runs, 1 hit, 0 errors, 1 left on base; El Paso 0 - Dallas-Fort Worth 7 |
BOTTOM OF THE 3RD |
Dallas-Fort Worth Rangers batting - Pitching for El Paso Sun Kings : RHP Charlie Puleo
|
Batting: LHB Daryl Fazzio
|
0-0: Ball 1-0: Ball 2-0: SINGLE (Flyball, 7S, EV 90.6 MPH)
|
Batting: SHB Eski Viltz
|
0-0: Called Strike 0-1: Foul Ball, location: 2F 0-2: Fly out, F8 (Line Drive, 8LM, EV 98.8 MPH)
|
Batting: LHB Garcia Gutierrez
|
0-0: Called Strike 0-1: Fly out, F7 (Flyball, 7S, EV 88.8 MPH)
|
Batting: RHB Dave Aponte
|
0-0: Ball 1-0: Ball 2-0: Ball 3-0: Called Strike 3-1: Foul Ball, location: 2F 3-2: Base on Balls Daryl Fazzio to second
|
Batting: RHB Phil Bradley
|
0-0: Called Strike 0-1: Ball 1-1: Ball 2-1: Fielders Choice at 2nd, 6-4 (Groundball, 6, EV 86.3 MPH)
|
Bottom of the 3rd over - 0 runs, 1 hit, 0 errors, 2 left on base; El Paso 0 - Dallas-Fort Worth 7 |
TOP OF THE 4TH |
El Paso Sun Kings batting - Pitching for Dallas-Fort Worth Rangers : RHP Billy Hawley
|
Batting: RHB Chuckie Canady
|
0-0: Ball 1-0: Ball 2-0: Ball 3-0: Base on Balls
|
Batting: LHB Franklin Lopez
|
0-0: Foul Ball, location: 2F 0-1: Fly out, F5 (Popup, 6S, EV 75.0 MPH)
|
Batting: SHB Danny Torres
|
0-0: Called Strike 0-1: Ball 1-1: Ball Chuckie Canady steals 2nd base 2-1: Swinging Strike 2-2: Strikes out swinging
|
Batting: RHB Michael Hanson
|
0-0: Called Strike 0-1: Called Strike 0-2: Strikes out swinging
|
Top of the 4th over - 0 runs, 0 hits, 0 errors, 1 left on base; El Paso 0 - Dallas-Fort Worth 7 |
BOTTOM OF THE 4TH |
Dallas-Fort Worth Rangers batting - Pitching for El Paso Sun Kings : RHP Charlie Puleo
|
Batting: LHB Sid Bream
|
0-0: Foul Ball, location: 2F 0-1: Ground out 4-3 (Groundball, 4, EV 98.8 MPH)
|
Batting: RHB Joe Carter
|
0-0: Ball 1-0: Ball 2-0: Fly out, F9 (Flyball, 9LS, EV 85.6 MPH)
|
Batting: RHB Terry Lee
|
0-0: Called Strike 0-1: Fly out, F5 (Flyball, 5D, EV 92.5 MPH)
|
Bottom of the 4th over - 0 runs, 0 hits, 0 errors, 0 left on base; El Paso 0 - Dallas-Fort Worth 7 |
TOP OF THE 5TH |
El Paso Sun Kings batting - Pitching for Dallas-Fort Worth Rangers : RHP Billy Hawley
|
Batting: RHB Mike Anicich
|
0-0: Called Strike 0-1: Swinging Strike 0-2: Fly out, F8 (Flyball, 78D, EV 91.3 MPH)
|
Batting: RHB Danny Ramires
|
0-0: Foul Ball, location: 2F 0-1: Called Strike 0-2: Ball 1-2: Ground out U3 (Groundball, 3, EV 104.4 MPH)
|
Batting: LHB Stanley Hendrickson
|
0-0: Fly out, F9 (Flyball, 89D, EV 92.5 MPH)
|
Top of the 5th over - 0 runs, 0 hits, 0 errors, 0 left on base; El Paso 0 - Dallas-Fort Worth 7 |
BOTTOM OF THE 5TH |
Dallas-Fort Worth Rangers batting - Pitching for El Paso Sun Kings : RHP Charlie Puleo
|
Batting: RHB Ross Jones
|
0-0: Ball 1-0: Foul Ball, location: 2F 1-1: Swinging Strike 1-2: Ball 2-2: Ball 3-2: Foul Ball, location: 2F 3-2: Foul Ball, location: 2F 3-2: Strikes out swinging
|
Batting: LHB Daryl Fazzio
|
0-0: Ball 1-0: Ball 2-0: Foul Ball, location: 2F 2-1: Ball 3-1: Base on Balls
|
Batting: SHB Eski Viltz
|
0-0: Ball 1-0: Fielders Choice at 2nd, U6 (Groundball, 4M, EV 97.5 MPH)
|
Batting: LHB Garcia Gutierrez
|
0-0: DOUBLE (Flyball, 78XD, EV 101.9 MPH) Eski Viltz to third Runner from 3rd tries for Home, SAFE, throw by CF to trailing runner, SAFE at third!
|
Batting: RHB Dave Aponte
|
0-0: Called Strike 0-1: Foul Ball, location: 2F 0-2: Foul Ball, location: 2F 0-2: Ball 1-2: Strikes out looking
|
Bottom of the 5th over - 1 run, 1 hit, 0 errors, 1 left on base; El Paso 0 - Dallas-Fort Worth 8 |
TOP OF THE 6TH |
El Paso Sun Kings batting - Pitching for Dallas-Fort Worth Rangers : RHP Billy Hawley
|
Batting: RHB Dionisio DeJesus
|
0-0: Foul Ball, location: 2F 0-1: Ball 1-1: Ball 2-1: Ground out 5-3 (Groundball, 56, EV 98.8 MPH)
|
Batting: LHB Scott Bradley
|
0-0: Called Strike 0-1: Foul Ball, location: 2F 0-2: Ball 1-2: Ball 2-2: Foul Ball, location: 2F 2-2: SINGLE (Popup, 5D, EV 55.0 MPH)
|
Batting: RHB Chuckie Canady
|
0-0: Called Strike 0-1: Swinging Strike 0-2: Ball 1-2: Ball 2-2: Foul Ball, location: 2F 2-2: Strikes out swinging
|
Batting: LHB Franklin Lopez
|
0-0: Ball 1-0: Swinging Strike 1-1: Ball 2-1: Fly out, F4 (Flyball, 4D, EV 89.4 MPH)
|
Top of the 6th over - 0 runs, 1 hit, 0 errors, 1 left on base; El Paso 0 - Dallas-Fort Worth 8 |
BOTTOM OF THE 6TH |
Dallas-Fort Worth Rangers batting - Pitching for El Paso Sun Kings : RHP Charlie Puleo
|
Batting: RHB Phil Bradley
|
0-0: Called Strike 0-1: Ball 1-1: Foul Ball, location: 2F 1-2: Foul Ball, location: 2F 1-2: Ball 2-2: Foul Ball, location: 2F 2-2: Foul Ball, location: 2F 2-2: Ball 3-2: Base on Balls
|
Batting: LHB Sid Bream
|
0-0: Ball 1-0: Fly out, F4 (Line Drive, 4, EV 70.0 MPH)
|
Pitching: RHP James Rogers
|
|
Batting: RHB Joe Carter
|
0-0: Called Strike 0-1: Foul Ball, location: 2F 0-2: Ball 1-2: Ball 2-2: Fly out, F7 (Line Drive, 7, EV 92.5 MPH)
|
Batting: RHB Terry Lee
|
0-0: Ball 1-0: Ball 2-0: Called Strike 2-1: Fly out, F8 (Line Drive, 8LM, EV 89.4 MPH)
|
Bottom of the 6th over - 0 runs, 0 hits, 0 errors, 1 left on base; El Paso 0 - Dallas-Fort Worth 8 |
TOP OF THE 7TH |
El Paso Sun Kings batting - Pitching for Dallas-Fort Worth Rangers : RHP Billy Hawley
|
Batting: SHB Danny Torres
|
0-0: Ground out U3 (Groundball, 34, EV 82.5 MPH)
|
Batting: RHB Michael Hanson
|
0-0: Ground out 4-3 (Groundball, 34, EV 89.4 MPH)
|
Batting: RHB Mike Anicich
|
0-0: Ball 1-0: Ball 2-0: Called Strike 2-1: Called Strike 2-2: Ball 3-2: Foul Ball, location: 2F 3-2: Fly out, F8 (Flyball, 8LS, EV 91.9 MPH)
|
Top of the 7th over - 0 runs, 0 hits, 0 errors, 0 left on base; El Paso 0 - Dallas-Fort Worth 8 |
BOTTOM OF THE 7TH |
Dallas-Fort Worth Rangers batting - Pitching for El Paso Sun Kings : RHP James Rogers
|
Batting: RHB Ross Jones
|
0-0: Ball 1-0: SINGLE (Line Drive, 3D, EV 100.6 MPH)
|
Batting: LHB Daryl Fazzio
|
0-0: Ball 1-0: Ball 2-0: Ball 3-0: Base on Balls Ross Jones to second
|
Batting: SHB Eski Viltz
|
0-0: Called Strike 0-1: Ball 1-1: Foul Ball, location: 2F 1-2: Ball 2-2: Strikes out swinging
|
Batting: LHB Garcia Gutierrez
|
0-0: Ball 1-0: Ball 2-0: Ball 3-0: Base on Balls Ross Jones to third Daryl Fazzio to second
|
Batting: RHB Dave Aponte
|
0-0: Ball 1-0: Foul Ball, location: 2F 1-1: Ball 2-1: Ball 3-1: Fly out, F9 (Flyball, 9D, EV 89.4 MPH) Runner from 3rd tags up, SCORES, no throw by RF Daryl Fazzio to third
|
Batting: RHB Phil Bradley
|
0-0: Ball 1-0: Foul Ball, location: 2F 1-1: SINGLE (Line Drive, 6MD, EV 99.4 MPH) Daryl Fazzio scores Garcia Gutierrez to second
|
Batting: LHB Sid Bream
|
0-0: Fielders Choice at 2nd, U4 (Groundball, 4M, EV 81.9 MPH)
|
Bottom of the 7th over - 2 runs, 2 hits, 0 errors, 2 left on base; El Paso 0 - Dallas-Fort Worth 10 |
TOP OF THE 8TH |
El Paso Sun Kings batting - Pitching for Dallas-Fort Worth Rangers : RHP Billy Hawley
|
Batting: RHB Danny Ramires
|
0-0: Ball 1-0: Swinging Strike 1-1: Fly out, F8 (Line Drive, 8RM, EV 104.4 MPH)
|
Batting: LHB Stanley Hendrickson
|
0-0: Called Strike 0-1: Foul Ball, location: 2F 0-2: Ball 1-2: Ground out 5-3 (Groundball, 5, EV 98.1 MPH)
|
Batting: RHB Dionisio DeJesus
|
0-0: Ball 1-0: Foul Ball, location: 2F 1-1: Swinging Strike 1-2: Strikes out swinging
|
Top of the 8th over - 0 runs, 0 hits, 0 errors, 0 left on base; El Paso 0 - Dallas-Fort Worth 10 |
BOTTOM OF THE 8TH |
Dallas-Fort Worth Rangers batting - Pitching for El Paso Sun Kings : RHP James Rogers
|
Batting: RHB Joe Carter
|
0-0: Called Strike 0-1: Ground out 5-3 (Groundball, 56S, EV 80.0 MPH)
|
Batting: RHB Terry Lee
|
0-0: Ball 1-0: Called Strike 1-1: Ball 2-1: SINGLE (Line Drive, 78S, EV 98.1 MPH)
|
Pinch Hitting: RHB Jesse Plummer
|
0-0: Ball 1-0: Foul Ball, location: 2F 1-1: Ball 2-1: Foul Ball, location: 2F 2-2: Ball 3-2: Fly out, F9 (Flyball, 89D, EV 106.9 MPH)
|
Batting: LHB Daryl Fazzio
|
0-0: Called Strike 0-1: Ball 1-1: Foul Ball, location: 2F 1-2: Foul Ball, location: 2F 1-2: Strikes out swinging
|
Bottom of the 8th over - 0 runs, 1 hit, 0 errors, 1 left on base; El Paso 0 - Dallas-Fort Worth 10 |
TOP OF THE 9TH |
El Paso Sun Kings batting - Pitching for Dallas-Fort Worth Rangers : RHP Billy Hawley
|
Now in CF: Jesse Plummer
|
|
Pinch Hitting: RHB Christopher Hudson
|
0-0: Called Strike 0-1: SINGLE (Groundball, 6MD, EV 108.8 MPH)
|
Batting: RHB Chuckie Canady
|
0-0: Swinging Strike 0-1: Foul Ball, location: 2F 0-2: Strikes out swinging
|
Batting: LHB Franklin Lopez
|
0-0: Called Strike 0-1: Ball 1-1: Ball 2-1: Ball 3-1: Foul Ball, location: 2F 3-2: Strikes out swinging
|
Batting: SHB Danny Torres
|
0-0: Ball 1-0: Ground out 2-3 (Groundball, 15S, EV 66.3 MPH)
|
Top of the 9th over - 0 runs, 1 hit, 0 errors, 1 left on base; El Paso 0 - Dallas-Fort Worth 10 |
|